 Dungeon Crawl Stone Soup version 0.30-a0-422-g946f4849ff (webtiles) character file.

Game seed: 15258129951827223878

954 Shayle the Trooper (level 7, -1/56 HPs)
             Began as a Demonspawn Reaver on Dec 9, 2022.
             Slain by a gnoll
             ... wielding a +0 flail
              (7 damage)
             ... on level 5 of the Dungeon.
             The game lasted 00:12:51 (4848 turns).

Shayle the Trooper (Demonspawn Reaver)              Turns: 4848, Time: 00:12:52

Health: -1/56      AC:  4    Str: 12    XL:     7   Next: 90%
Magic:  5/10       EV: 11    Int: 17    God:
Gold:   314        SH:  3    Dex: 11    Spells: 6/10 levels left

rFire   . . .      SeeInvis .    j - +6 flail (protect)
rCold   . . .      Faith    .    o - +0 buckler
rNeg    . . .      Spirit   .    b - +0 leather armour
rPois   .          Reflect  .    (no helmet)
rElec   .          Harm     .    (no cloak)
rCorr   .          Rampage  .    f - +0 pair of gloves
Will    .....                    (no boots)
Stlth   ++........               g - amulet of magic regeneration
HPRegen 0.29/turn                e - ring of wizardry
MPRegen 0.52/turn                (no ring)

@: lethally poisoned (-1 -> -22)
A: powered by death 2, demonic magic 1, weakness stinger 2
a: no special abilities


You were on level 5 of the Dungeon.
You visited 1 branch of the dungeon, and saw 5 of its levels.

You collected 314 gold pieces.

Inventory:

Hand Weapons
 a - a +0 hand axe
 d - a +3 short sword of draining
 j - a +6 flail of protection (weapon)
Missiles
 u - a throwing net
Armour
 b - a +0 leather armour (worn)
 f - a +0 pair of gloves (worn)
 m - a +1 ring mail of fire resistance
 o - a +0 buckler (worn)
Jewellery
 e - a ring of wizardry (left hand)
 g - an amulet of magic regeneration (around neck)
Wands
 c - a wand of acid (4)
 h - a wand of iceblast (10)
 s - a wand of flame (19)
Scrolls
 k - a scroll of fear {unknown}
 n - a scroll of identify
 r - 3 scrolls of blinking
 t - a scroll of enchant armour {unknown}
Potions
 i - a potion of heal wounds
 l - a potion of curing {unknown}
 p - 2 potions of resistance {unknown}
 q - a potion of degeneration {unknown}


   Skills:
 + Level 5.5 Fighting
 - Level 2.6 Axes
 + Level 4.6 Armour
 - Level 1.7 Dodging
 + Level 5.0 Stealth
 - Level 2.0 Spellcasting
 - Level 3.0 Conjurations


You had 6 spell levels left.
You knew the following spells:

 Your Spells              Type           Power      Damage    Failure   Level
a - Kiss of Death         Conj/Necr      24%        2d7       8%          1
b - Hailstorm             Conj/Ice       6%         3d4       21%         3

Your spell library contained the following spells:

 Spells                   Type           Power      Damage    Failure   Level
 Momentum Strike          Conj/Tloc      12%        3d8       11%         2
 Blink                    Tloc           2%         N/A       21%         2
 Lesser Beckoning         Tloc           2%         N/A       36%         3


Dungeon Overview and Level Annotations

Branches:
Dungeon (5/15)
 Temple: D:4-7

Altars:
Dithmenos
Gozag
Nemelex Xobeh
Vehumet

Shops:
D:4 [

Annotations:
D:5 3 runed translucent doors, Dowan; Duvessa; flotson's ghost, weakling DsDe


Innate Abilities, Weirdness & Mutations

You regenerate health from kills.
Spells you cast may paralyse adjacent enemies.
You have a tail ending in a sharp stinger.


Message History

You feel extremely sick. The scorpion completely misses you.
You block the scorpion's attack.
The gnoll hits you from afar with a +2 spear of venom.
* * * LOW HITPOINT WARNING * * *
You are more poisoned.
You feel much better.
You feel extremely sick.
The scorpion stings you but does no damage.
The gnoll hits you from afar with a +2 spear of venom.
You are more poisoned.
Unknown command.
Okay, then.
Casting: Hailstorm (dangerous; 21% risk of failure)
Confirm with . or Enter, or press ? or * to list all spells.
Casting: Hailstorm (dangerous; 21% risk of failure)
Press: ? - help, Dir - look around, f - activate A cannonade of hail descends around you!
The hail misses Duvessa.
The hail pelts the gnoll!
The gnoll is severely wounded.
The hail pelts the gnoll!
The gnoll is heavily wounded.
Malevolent energies surge around you.
* * * LOW HITPOINT WARNING * * *
You feel extremely sick. The scorpion barely misses you.
The gnoll completely misses you.
Unknown command.
Casting: Hailstorm (dangerous; 21% risk of failure)
Confirm with . or Enter, or press ? or * to list all spells.
Casting: Hailstorm (dangerous; 21% risk of failure)
Press: ? - help, Dir - look around, f - activate A cannonade of hail descends around you!
The hail pelts Duvessa.
Duvessa is lightly wounded.
The hail pelts the gnoll!
You kill the gnoll!
Malevolent energies surge around you.
The scorpion suddenly stops moving!
* * * LOW HITPOINT WARNING * * *
You feel extremely sick. The gnoll hits you with a +0 flail!
You die...

,,,,,,,,,*,*+*+*+#....####..,,,,,
,,,,,,,,,*,+,,,+,#.!.$......,,,,,
,,,,,,,,,***,,,**#..........,,,,,
,,,,,,,,,*,+,,,+,#.<......#*+*,,*
,,,,,,,,,***+*+**#........#,,*,,*
,*,,,,,,,*,+,*,+,#........#,,*,,*
*****,,,,#########....#...####,,*
*,,,,,......!.g)...#.......,,,
*,,,,,*..#...@.e...........,,,
**.,,,......s............#**+*
*.g,,###.............###*,,,*
**#.##...............#,,+,,,*
#...♣...♣..........#,,*,,,*
*#....(.........#..########
*,♣...<...♣.............e..
*#..........................
#...^♣...♣..#.....####......


You could see Duvessa, a scorpion (paralysed) and a gnoll.

Vanquished Creatures
  Edmund (D:4)
  2 black bears (D:4)
  A scorpion (D:5)
  A necrophage (D:3)
  A howler monkey (D:5)
  A hound (D:5)
  2 jellies (D:5)
  An orc priest (D:4)
  Jessica (D:3)
  Natasha (thrice) (D:1)
  2 iguanas
  An orc wizard (D:3)
  4 adders
  7 gnolls
  An ufetubus (D:5)
  A dart slug (D:2)
  8 orcs
  8 endoplasms
  6 giant cockroaches
  8 goblins
  9 hobgoblins
  2 jackals (D:1)
  10 kobolds
  3 quokkas
  6 ball pythons
  3 bats (D:2)
  2 frilled lizards
  8 rats
103 creatures vanquished.

Vanquished Creatures (others)
  4 plants (D:5)
4 creatures vanquished.

Grand Total: 107 creatures vanquished

Notes
Turn   | Place    | Note
-------+----------+-------------------------------------------
     0 | D:1      | Shayle the Demonspawn Reaver began the quest for the Orb.
     0 | D:1      | Reached XP level 1. HP: 16/16 MP: 3/3
   152 | D:2      | Noticed Natasha
   190 | D:1      | Gained mutation: You have a small tail. [demonic ancestry]
   190 | D:1      | Reached XP level 2. HP: 22/22 MP: 5/5
   236 | D:1      | Reached skill level 1 in Stealth
   302 | D:1      | Reached skill level 1 in Armour
   369 | D:2      | Noticed a crimson imp
   375 | D:1      | Killed Natasha
   376 | D:1      | Reached XP level 3. HP: 4/25 MP: 3/6
   910 | D:2      | Found a shadowy altar of Dithmenos.
  1105 | D:2      | Gained mutation: You regenerate a little health from kills.
                  | [demonic ancestry]
  1105 | D:2      | Reached XP level 4. HP: 29/32 MP: 7/7
  1562 | D:3      | Noticed Jessica
  1580 | D:3      | Killed Jessica
  2663 | D:3      | Gained mutation: Spells you cast may paralyse adjacent
                  | enemies. [demonic ancestry]
  2663 | D:3      | Reached XP level 5. HP: 31/41 MP: 8/8
  2862 | D:4      | Noticed Edmund
  3165 | D:1      | Noticed Natasha
  3172 | D:1      | Killed Natasha
  3216 | D:1      | Noticed Natasha
  3229 | D:1      | Killed Natasha
  3230 | D:1      | Gained mutation: You have a tail ending in a sharp stinger.
                  | [demonic ancestry]
  3230 | D:1      | Reached XP level 6. HP: 36/48 MP: 9/9
  3456 | D:4      | Found Byocunt's Armour Boutique.
  3761 | D:4      | Found a sparkling altar of Nemelex Xobeh.
  3898 | D:4      | Gained mutation: You regenerate health from kills. [demonic
                  | ancestry]
  3898 | D:4      | Reached XP level 7. HP: 47/55 MP: 10/10
  4017 | D:4      | Learned a level 3 spell: Hailstorm
  4135 | D:4      | Killed Edmund
  4501 | D:5      | Entered Level 5 of the Dungeon
  4539 | D:5      | Noticed Duvessa
  4552 | D:5      | Found a runed translucent gate.
  4553 | D:5      | Found a runed translucent gate.
  4553 | D:5      | Found a runed translucent gate.
  4554 | D:5      | Found an opulent altar of Gozag.
  4554 | D:5      | Noticed a yak
  4571 | D:5      | Reached skill level 5 in Fighting
  4616 | D:5      | Noticed flotson's ghost (weakling DsDe)
  4758 | D:5      | Reached skill level 5 in Stealth
  4778 | D:5      | Found a radiant altar of Vehumet.
  4820 | D:5      | Noticed Dowan
  4848 | D:5      | Slain by a gnoll

Illustrated notes

Levels and vault maps discovered:
D:1:      minmay_arrival_checkered_box, layout_rooms
D:2:      layout_loops_cross, basic_altar, grunt_decor_arrowhead, minmay_tall_x,
          uniq_natasha
D:3:      minmay_skewed_foursquare, layout_basic,
          hangedman_abyss_or_decor_lesser_grid, uniq_jessica
D:4:      layout_loops_ring, nemelex_diamond_rough_becter, serial_shops,
          nicolae_inconvenience_store, uniq_edmund
D:5:      corexii_shack_village, layout_rooms, mainiacjoe_overflow_boulevard,
          ebering_ghost_gozag, nicolae_ossuary_entry_catacombs,
          grunt_ministairs_2, uniq_duvessa

Skill      XL: |  1  2  3  4  5  6  7 |
---------------+----------------------+-----
Stealth        | 1 2 3 4 5 |  5.0
Armour         | 1 2 3 4 |  4.6
Fighting       | 3 4 5 |  5.5
Axes           | |  2.6
Dodging        | |  1.7
Spellcasting   | |  2.0
Conjurations   | |  3.0

Action                   |  1- 3 |  4- 6 |  7- 9 || total
-------------------------+-------+-------+-------++-------
Melee: Hand axe          |    50 |       |       ||    50
       Tailslap          |    14 |    13 |    10 ||    37
       Short sword       |    73 |   157 |    35 ||   265
       Punch             |     1 |       |       ||     1
       Flail             |       |       |    74 ||    74
 Cast: Kiss of Death     |     2 |       |     1 ||     3
       Hailstorm         |       |       |     3 ||     3
  Use: Scroll            |       |     5 |     1 ||     6
       Potion            |       |     1 |     3 ||     4
 Stab: Sleeping          |     1 |     7 |     1 ||     9
       Paralysed         |       |       |     3 ||     3
Armor: Leather armour    |    35 |    50 |    40 ||   125
       Skin              |       |       |     9 ||     9
Dodge: Dodged            |    69 |    82 |    60 ||   211
Block: Buckler           |       |    12 |    18 ||    30

Table legend: (Time is in decaauts)
 A = Elapsed time spent in this place.
 B = Non-inter-level travel time spent in this place.
 C = Inter-level travel time spent in this place.
 D = Time resting spent in this place.
 E = Time spent auto-exploring this place.
 F = Levels seen in this place.
 G = Mean time per level.
                   A        B        C        D        E       F      G
               +--------+--------+--------+--------+--------+-----+--------+
         Total |   4900 |   4628 |    272 |    921 |   2130 |   5 |  980.0 |
       Dungeon |   4900 |   4628 |    272 |    921 |   2130 |   5 |  980.0 |
               +--------+--------+--------+--------+--------+-----+--------+

Top non-repeatable levels by time:
     D:3: 1470 daAuts
     D:4: 1358 daAuts
     D:2: 937 daAuts
     D:1: 801 daAuts
     D:5: 333 daAuts
